 Dungeon Crawl Stone Soup version 0.31.0-10-gcf4a605ca0 (webtiles) character file.

Game seed: 450553905626473300

109 monsoonserge the Grave Robber (level 4, -3/34 HPs)
             Began as a Hill Orc Necromancer on Jan 25, 2024.
             Slain by a +3 spectral club (7 damage)
             ... created by Ijyb
             ... on level 3 of the Dungeon.
             The game lasted 00:09:04 (1730 turns).

monsoonserge the Grave Robber (HONe)                Turns: 1730, Time: 00:09:05

Health: -3/34      AC:  5    Str: 10    XL:     4   Next: 90%
Magic:  7/15       EV: 11    Int: 17    God:
Gold:   47         SH:  0    Dex: 11    Spells: 2/6 levels left

rFire   . . .        c - +0 hand axe
rCold   . . .        (no shield)
rNeg    . . .        l - +0 leather armour
rPois   .            n - +0 helmet
rElec   .            (no cloak)
rCorr   .            i - +0 pair of gloves
SInv    .            (no boots)
Will    .....        (no amulet)
Stlth   +            q - ring of magical power
HPRegen 0.25/turn    (no ring)
MPRegen 0.14/turn

%: no passive effects
@: very slightly contaminated
A: no striking features
a: no special abilities


You were on level 3 of the Dungeon.
You visited 1 branch of the dungeon, and saw 3 of its levels.

You collected 47 gold pieces.

Inventory:

Hand Weapons
 c - a +0 hand axe (weapon)
Missiles
 e - 9 poisoned darts
Armour
 i - a +0 pair of gloves (worn)
 l - a +0 leather armour (worn)
 n - a +0 helmet (worn)
 s - a +0 ring mail
Jewellery
 q - a ring of magical power (left hand)
 t - a ring of willpower
Scrolls
 g - a scroll of amnesia {unknown}
 h - 2 scrolls of teleportation {unknown}
 j - a scroll of vulnerability {unknown}
 m - a scroll of fear {unknown}
Potions
 a - a potion of heal wounds {unknown}
 b - a potion of magic
 d - a potion of mutation {unknown}
 f - 2 potions of ambrosia {unknown}
 k - a potion of lignification {unknown}
 o - a potion of berserk rage {unknown}
 p - 2 potions of might {unknown}
 r - a potion of curing {unknown}


   Skills:
 + Level 0.5 Fighting
 * Level 2.2 Axes
 * Level 1.1 Armour
 + Level 1.7 Dodging
 + Level 1.8 Stealth
 + Level 1.9 Spellcasting
 + Level 5.1 Necromancy


You had 2 spell levels left.
You knew the following spells:

 Your Spells              Type           Power      Damage    Failure   Level
a - Necrotise             Necr           76%        1d7       3%          1
b - Vampiric Draining     Necr           19%        2d7       10%         3

Your spell library contained the following spells:

 Spells                   Type           Power      Damage    Failure   Level
 Freeze                   Ice            4%         1d3       26%         1
 Ensorcelled Hibernation  Hex/Ice        2%         N/A       38%         2
 Animate Dead             Necr           19%        N/A       32%         4
 Frozen Ramparts          Ice            2%         1d1       63%         3
 Hailstorm                Conj/Ice       1%         3d5       63%         3
 Passwall                 Erth           1%         N/A       63%         3
 Swiftness                Air            1%         N/A       63%         3
 Curse of Agony           Necr           19%        N/A       65%         5


Dungeon Overview and Level Annotations

Branches:
Dungeon (3/15)

Altars:

Annotations:
D:3 Ijyb


Message History

Ijyb writhes in agony.
Ijyb zaps a wand.
The puff of flame hits you!
Casting: Necrotise (safe; 3% risk of failure)
Confirm with . or Enter, or press ? or * to list all spells.
Aiming: Necrotise (safe; 3% risk of failure)
Press: ? - help, Shift-Dir - straight line, f/p - Ijyb
Aim: Ijyb, wielding a +3 spectral club, wearing a +0 leather armour and carrying a wand of flame (lightly wounded, chance to affect: 84%) Ijyb writhes in agony.
Ijyb zaps a wand.
The puff of flame hits you!
Casting: Necrotise (safe; 3% risk of failure)
Confirm with . or Enter, or press ? or * to list all spells.
Aiming: Necrotise (safe; 3% risk of failure)
Press: ? - help, Shift-Dir - straight line, f/p - Ijyb
Aim: Ijyb, wielding a +3 spectral club, wearing a +0 leather armour and carrying a wand of flame (moderately wounded, chance to affect: 84%) Ijyb writhes in agony.
Casting: Necrotise (safe; 3% risk of failure)
Confirm with . or Enter, or press ? or * to list all spells.
Aiming: Necrotise (safe; 3% risk of failure)
Press: ? - help, Shift-Dir - straight line, f/p - Ijyb
Aim: Ijyb, wielding a +3 spectral club, wearing a +0 leather armour and carrying a wand of flame (moderately wounded, chance to affect: 84%) Ijyb writhes in agony.
Ijyb zaps a wand.
The puff of flame hits you.
Casting: Necrotise (safe; 3% risk of failure)
Confirm with . or Enter, or press ? or * to list all spells.
Aiming: Necrotise (safe; 3% risk of failure)
Press: ? - help, Shift-Dir - straight line, f/p - Ijyb
Aim: Ijyb, wielding a +3 spectral club, wearing a +0 leather armour and carrying a wand of flame (heavily wounded, chance to affect: 84%) Ijyb writhes in agony.
You hit Ijyb.
Ijyb is severely wounded.
Ijyb zaps a wand.
The puff of flame hits you!
* * * LOW HITPOINT WARNING * * *
Casting: Necrotise (safe; 3% risk of failure)
Confirm with . or Enter, or press ? or * to list all spells.
Aiming: Vampiric Draining (quite dangerous; 10% risk of failure)
Press: ? - help, Shift-Dir - straight line, f/p - Ijyb
Aim: Ijyb, wielding a +3 spectral club, wearing a +0 leather armour and carrying a wand of flame (severely wounded)
You miscast Vampiric Draining.
You are very lightly contaminated with residual magic.
Nothing appears to happen.
Ijyb hits you with a +3 spectral club.
* * * LOW HITPOINT WARNING * * *
The +3 spectral club hits you!
You die...

.# #.# #.#.# +#.#### .#
#.# #.#.# ###.#...... .#
#.# #.#.# #..........
.###'###.#.# #..........
.#.....#.#.###..........
†......#.....'..........
.......'.#.###..........
##.....#.#...+.(........
#.....#.#####.g@.......
#.....#.#........$.....
#.....#.#.##...........
#######.# #.##########
#.# #. .# #. ##


You could see a +3 spectral club (wandering) and Ijyb.

Vanquished Creatures
  Jessica (D:3)
  An adder (D:2)
  A dart slug (D:3)
  A ribbon worm (D:3)
  An orc (D:3)
  3 bats
  5 endoplasms
  2 giant cockroaches (D:1)
  8 goblins
  7 hobgoblins
  4 jackals
  A quokka (D:2)
  7 ball pythons
  2 frilled lizards
  5 kobolds
  6 rats
55 creatures vanquished.

Vanquished Creatures (collateral kills)
  A dart slug (D:1)
  A bat (D:1)
  A hobgoblin (D:1)
  A jackal (D:1)
  A ball python (D:2)
  A frilled lizard (D:2)
  2 goblins (D:1)
8 creatures vanquished.

Grand Total: 63 creatures vanquished

Notes
Turn   | Place    | Note
-------+----------+-------------------------------------------
     0 | D:1      | monsoonserge the Hill Orc Necromancer began the quest for
                  | the Orb.
     0 | D:1      | Reached XP level 1. HP: 14/14 MP: 3/3
   101 | D:1      | Reached XP level 2. HP: 10/20 MP: 1/4
   361 | D:1      | Reached XP level 3. HP: 21/26 MP: 3/5
   430 | D:1      | Learned a level 3 spell: Vampiric Draining
   465 | D:1      | Reached skill level 1 in Axes
  1019 | D:2      | Reached skill level 5 in Necromancy
  1024 | D:2      | Reached XP level 4. HP: 26/33 MP: 2/6
  1467 | D:3      | Noticed Jessica
  1474 | D:3      | Killed Jessica
  1475 | D:3      | Reached skill level 1 in Armour
  1722 | D:3      | Noticed Ijyb
  1730 | D:3      | Slain by a +3 spectral club

Illustrated notes

Levels and vault maps discovered:
D:1:      ebering_hopf_link, layout_rooms
D:2:      minmay_skewed_foursquare, layout_rooms
D:3:      layout_basic, st_stairs_6, minmay_goblin_outpost, uniq_jessica,
          uniq_ijyb

Skill      XL: |  1  2  3  4 |
---------------+-------------+-----
Axes           | 1 2 |  2.2
Necromancy     | 5 |  5.1
Armour         | 1 |  1.1
Fighting       | |  0.5
Dodging        | |  1.7
Stealth        | |  1.8
Spellcasting   | |  1.9

Action                     |  1- 3 |  4- 6 || total
---------------------------+-------+-------++-------
  Melee: Hand axe          |    68 |    49 ||   117
         Unarmed           |     1 |       ||     1
         Punch             |       |     1 ||     1
   Cast: Necrotise         |    31 |    15 ||    46
   Stab: Sleeping          |     3 |     1 ||     4
 Armour: Robe              |    32 |       ||    32
         Leather armour    |    24 |    38 ||    62
  Dodge: Dodged            |    66 |    18 ||    84
